[Event "Olomouc Chess Summer-GM 2022"]
[Site "Olomouc"]
[Date "2022.08.19"]
[Round "8.5"]
[White "Winkelman, Albert"]
[Black "Pap, Gyula"]
[Result "1/2-1/2"]
[ECO "C42"]
[WhiteElo "2278"]
[BlackElo "2481"]
[Annotator "TA"]
[PlyCount "66"]
[EventDate "2022.08.10"]
[EventCountry "CZE"]
[SourceTitle "playchess.com"]
[Source "ChessBase"]
[SourceQuality "1"]
[TimeControl "40/5400+30:1800+30"]

1. e4 e5 2. Nf3 Nf6 3. Nxe5 d6 4. Nc4 Nxe4 5. Bd3 Nf6 6. O-O {[#] C42: Petroff Defence: 3 Nxe5 and unusual White 3rd moves.} d5 $146 ({Predecessor:} 6... Be7 7. Re1 O-O 8. Qe2 Nc6 9. Be4 Bd7 10. d4 Nxe4 11. Qxe4 Bf6 12. Be3 Re8 {1-0 (22) Lins,H-Voss,M freechess.de 2015}) 7. Re1+ Be6 8. Ne3 Bc5 9. Bf5 Nc6 10. c3 (10. d3 $11) 10... O-O ({Black should try} 10... d4 $15 11. Nc4 Qd5 12. Bxe6 fxe6) 11. d4 $11 Bd6 12. Bc2 Ne7 13. Nd2 c6 14. Ndf1 Ne4 15. f3 Nf6 16. Ng3 c5 17. Nef5 Bxf5 18. Nxf5 Nxf5 19. Bxf5 Qc7 20. g3 Rfe8 {[%cal Od6g3] [#] Strongly threatening ...Bxg3!} 21. Be3 cxd4 (21... Bxg3 $5 22. hxg3 Qxg3+ 23. Kf1 Qh4 $11) 22. cxd4 Qb6 23. Qb3 Qxb3 24. axb3 g6 25. Bd3 Bc7 26. Bd2 Bb6 27. Bc3 Rxe1+ 28. Rxe1 Re8 29. Rxe8+ Nxe8 30. Kf2 Nd6 31. Ke3 {The position is equal.} Kf8 32. Bb4 Ke7 33. Bc5 Ke6 {Weighted Error Value: White=0.07 (flawless) /Black=0.09 (flawless)} 1/2-1/2

[Event "Olomouc Chess Summer-GM 2022"]
[Site "Olomouc"]
[Date "2022.08.20"]
[Round "9.1"]
[White "Pap, Gyula"]
[Black "Mirzoev, Azer"]
[Result "1/2-1/2"]
[ECO "C42"]
[WhiteElo "2481"]
[BlackElo "2424"]
[Annotator "TA"]
[PlyCount "24"]
[EventDate "2022.08.10"]
[EventCountry "CZE"]
[SourceTitle "playchess.com"]
[Source "ChessBase"]
[SourceQuality "1"]
[TimeControl "40/5400+30:1800+30"]

1. e4 e5 2. Nf3 Nf6 3. Nxe5 d6 4. Nf3 Nxe4 5. Qe2 Qe7 6. d3 Nf6 7. Bg5 Qxe2+ 8. Bxe2 Be7 9. O-O O-O 10. Nc3 c6 11. Rfe1 {[#]} {Predecessor:} Nbd7 $146 {C42: Petroff Defence: 3 Nxe5 and unusual White 3rd moves.} 12. Bf1 Bd8 {½-½ (12) Alonso,S (2506)-Rodriguez Vila,A (2545) Montevideo 2012} 1/2-1/2

[Event "Olomouc Chess Summer-GM 2022"]
[Site "Olomouc"]
[Date "2022.08.20"]
[Round "9.3"]
[White "Lutsko, Artem"]
[Black "Frank, Adam"]
[Result "1-0"]
[ECO "E71"]
[WhiteElo "2392"]
[BlackElo "2313"]
[Annotator "TA"]
[PlyCount "73"]
[EventDate "2022.08.10"]
[EventCountry "CZE"]
[SourceTitle "playchess.com"]
[Source "ChessBase"]
[SourceQuality "1"]
[TimeControl "40/5400+30:1800+30"]

1. d4 Nf6 2. c4 g6 3. Nc3 Bg7 4. e4 d6 5. h3 O-O 6. Be3 c5 7. Nf3 cxd4 8. Nxd4 ({But not} 8. Qxd4 Ng4 $1 9. Qd2 Nxe3 10. Qxe3 Nc6 $15) 8... b6 {[%emt 0:00:10] E90: King's Indian: Classical: Early deviations and 6 h3.} 9. g3 Bb7 10. Bg2 Nbd7 {[%emt 0:10:16] White is slightly better.} 11. O-O Rc8 12. b3 {[%emt 0:10:19] [#]} Nc5 $146 ({Predecessor:} 12... Ba8 13. Re1 a6 14. a4 e6 15. g4 h6 16. Qd2 Nc5 17. Qc2 Qc7 18. Rad1 Rfd8 {1-0 (31) Anton Guijarro,D (2630)-Radjabov,T (2722) Monzon 2016}) 13. Qc2 a6 14. Rac1 (14. Rfd1 {looks sharper.} b5 15. e5 Ne8 16. f4) 14... Ba8 15. Rfd1 Qe8 16. Nde2 Rc7 17. Nf4 Qb8 18. Nfd5 Nxd5 19. Nxd5 Bxd5 20. exd5 Rfc8 21. h4 b5 22. Bh3 Nd7 {[%emt 0:01:07] [#] White leaves nothing to chance now.} (22... f5 $14) 23. c5 $1 $16 {[%emt 0:00:04][%cal Bc4c5,Bc5c6][%mdl 32] White is more active.} f5 (23... dxc5 $16 24. Bf4 Be5) 24. c6 $18 Ne5 (24... Nf6 {keeps fighting.} 25. Qd3 Rf8) 25. f4 Nf7 26. g4 fxg4 (26... Nh6 $142 27. gxf5 Nxf5) 27. Bxg4 Rf8 28. h5 gxh5 29. Be6 {[%emt 0:00:03] aiming for Qf5. This bishop pair is nice.} Kh8 30. Qe2 Nd8 31. Bd7 ({Not} 31. Qxh5 Nxe6 32. dxe6 Qc8 $14) 31... Rxd7 32. cxd7 Qb7 33. Qxh5 {[%emt 0:00:04] Hoping for Qe8.} Qxd7 34. Kf2 e5 35. Rh1 {[%emt 0:00:20][%csl Gh1][%cal Rh5h7] Dancing on a razor blade.} h6 (35... Bf6 36. Bb6 Qf7) 36. Rcg1 {[%emt 0:00:47] Black must now prevent Rg6.} exf4 {[%emt 0:03:32] [#]} (36... Rf6 $18 37. Rg6 Rxg6 38. Qxg6 exf4) 37. Qxh6+ $3 {[%emt 0:00:36][%mdl 512] Weighted Error Value: White=0.11 (very precise) /Black=0.53} 1-0

[Event "Olomouc Chess Summer-GM 2022"]
[Site "Olomouc"]
[Date "2022.08.20"]
[Round "9.4"]
[White "Baum, Jonasz"]
[Black "Krejci, Jan"]
[Result "1-0"]
[ECO "D02"]
[WhiteElo "2410"]
[BlackElo "2511"]
[Annotator "TA"]
[PlyCount "79"]
[EventDate "2022.08.10"]
[EventCountry "CZE"]
[SourceTitle "playchess.com"]
[Source "ChessBase"]
[SourceQuality "1"]
[TimeControl "40/5400+30:1800+30"]

1. d4 d5 2. Nf3 e6 3. c4 a6 4. Nbd2 Nf6 5. g3 b6 6. Bg2 {[%emt 0:00:09] D30: Queen's Gambit Declined: Systems without Nc3.} Bb7 7. O-O Nbd7 8. b3 {[%emt 0:00:52] White is slightly better.} Be7 9. Bb2 O-O {[%emt 0:00:06] [#]} 10. Rc1 $146 ({Predecessor:} 10. cxd5 exd5 11. Ne5 c5 12. dxc5 Nxe5 13. Bxe5 bxc5 14. Nc4 Ra7 15. Nb2 Nd7 16. Bf4 {½-½ (71) Harsha,B (2547)-Abergel,T (2411) Paris 2022}) 10... c5 11. dxc5 bxc5 12. Ne5 Nxe5 13. Bxe5 Qb6 14. cxd5 exd5 15. Qc2 Rfe8 (15... Ng4 {looks sharper.} 16. Bb2 a5 17. Qf5 Qe6) 16. Bxf6 Qxf6 17. e4 Rad8 18. exd5 Bxd5 19. Bxd5 Rxd5 20. Nc4 Bf8 21. Rfe1 Red8 22. Qc3 Rd4 23. Kg2 R8d5 24. Re2 Rh5 25. h4 Rf5 26. Rce1 h6 27. Qc2 g6 28. Re8 Kg7 29. Kg1 Rfd5 30. Qe2 g5 (30... h5 $14) 31. Ne3 {[%emt 0:04:24] White is more active.} Re5 {[%emt 0:04:25] [#]} (31... Rd8 $16 32. hxg5 hxg5) 32. Rxe5 $1 $18 Qxe5 33. hxg5 (33. Qxa6 $6 gxh4 34. Qc8 Kg8 $11) 33... Qxg5 34. Qxa6 c4 {[%emt 0:01:33] [#]} 35. Qc8 $1 $36 {[%emt 0:04:33][%mdl 2048] Black must now prevent Nf5+. Black is under strong pressure.} ({Much less strong is} 35. Nxc4 $6 Bc5 36. Ne3 h5 $16) 35... Rf4 {[%emt 0:02:16] Prevents Nf5+.} 36. Rd1 ({Don't play} 36. Nxc4 $6 Bc5 37. Ne3 h5 $16) 36... Rf3 $2 (36... cxb3 {was necessary.} 37. axb3 Be7 38. Qc3+ Kg8) 37. Kg2 {[%emt 0:03:13] White is clearly winning.} Rxe3 38. fxe3 Qxe3 {[%emt 0:00:03] aiming for ...Qe2+.} 39. Qg4+ Kh7 40. Qxc4 {[%emt 0:00:40] Weighted Error Value: White=0.05 (flawless) /Black=0.26 (precise)} 1-0

[Event "Olomouc Chess Summer-GM 2022"]
[Site "Olomouc"]
[Date "2022.08.20"]
[Round "9.5"]
[White "Svanda, Ondrej"]
[Black "Sorm, Daniel"]
[Result "0-1"]
[ECO "B40"]
[WhiteElo "2363"]
[BlackElo "2308"]
[Annotator "TA"]
[PlyCount "78"]
[EventDate "2022.08.10"]
[EventCountry "CZE"]
[SourceTitle "playchess.com"]
[Source "ChessBase"]
[SourceQuality "1"]
[TimeControl "40/5400+30:1800+30"]

1. e4 c5 2. Nf3 e6 3. g3 Nc6 4. Bg2 Nf6 5. Qe2 e5 6. O-O {B40: Sicilian: 2...e6, Unusual lines.} Be7 7. d3 O-O 8. a4 {The position is equal.} Re8 9. Na3 Bf8 10. Bg5 h6 11. Bxf6 Qxf6 12. Nc4 d6 13. c3 {[#]} g6 $146 ({Predecessor:} 13... Be6 14. Ne3 Qd8 15. Nd2 Ne7 16. f4 exf4 17. gxf4 f5 18. Qf3 Rb8 19. Rae1 Qd7 {1-0 (55) Murzin,V (2336)-Dimitrova,A (2233) Moscow 2018}) 14. Nfd2 Qe7 15. Ne3 (15. f4 {looks sharper.} exf4 16. gxf4 Qh4 17. Ne3) 15... Bg7 16. f4 exf4 17. gxf4 f5 18. Qf2 (18. Rae1 $16) 18... Be6 $14 19. Qg3 Qf7 20. Kh1 (20. a5 $14 {might be stronger.} a6 21. Ndc4) 20... Ne7 $1 $11 21. Rg1 d5 22. exd5 Nxd5 ({Don't play} 22... Bxd5 23. Ndc4 Rad8 24. Nxd5 Nxd5 25. Rae1 $11) 23. Nec4 {aiming for Nd6.} Qc7 {Against Nd6} 24. Qxg6 Nxf4 25. Qg3 Re7 {[%cal Be8e7,Be7c7,Bc7d7,Bd7d3][%mdl 32] Threatens to win with ...Rd8.} 26. Rae1 Rae8 27. Rgf1 Nxg2 28. Qxc7 $1 (28. Qxg2 $2 Qd8 29. Nf3 Bd5 30. Rxe7 Qxe7 $17) 28... Rxc7 29. Kxg2 Rd7 30. Rxf5 Rxd3 31. Rxc5 Bh3+ {[%mdl 64] [#] Discovered Attack. A strong pair of Bishops.} 32. Kf2 Rf8+ 33. Ke2 Rfd8 {[%mdl 1024] Black has compensation.} 34. Rg1 {Prevents Bg4+. Strongly threatening Ne4.} R3d7 35. Rh5 Re7+ $1 36. Ne3 Bd7 37. Nb3 $2 (37. Rxh6 $11 Bxa4 38. Rh4) 37... Rde8 $19 {Black is winning.} 38. Rg3 {[#]} Rxe3+ {[%mdl 576] Remove Defender, Deflection} 39. Rxe3 Bg4+ {Weighted Error Value: White=0.34/Black=0.07 (flawless)} 0-1